 Dungeon Crawl Stone Soup version 0.18.1-48-g4cf74bf (webtiles) character file.

215 Jerry the Caller (level 5, -3/28 HPs)
             Began as a Tengu Ice Elementalist on June 27, 2016.
             Was an Initiate of Kikubaaqudgha.
             Slain by a giant frog skeleton (6 damage)
             ... on level 4 of the Dungeon.
             The game lasted 00:15:02 (5046 turns).

Jerry the Caller (Tengu Ice Elementalist)           Turns: 5046, Time: 00:15:03

Health: -3/28      AC:  2    Str:  9    XL:     5   Next: 92%
Magic:  1/9        EV: 12    Int: 16    God:    Kikubaaqudgha [......]
Gold:   262        SH:  0    Dex: 14    Spells: 2 memorised, 3 levels left

rFire  . . .     SeeInvis .     j - +1 dagger (venom)
rCold  . . .     Gourm    .     a - +0 robe
rNeg   + . .     Faith    .     (no shield)
rPois  .         Spirit   .     (helmet restricted)
rElec  .         Dismiss  .     (no cloak)
rCorr  .         Reflect  .     (no gloves)
SustAt .         Harm     .     (boots unavailable)
MR     .....                    (no amulet)
Stlth  ++........               y - ring of positive energy
                                (no ring)

@: not resistant to hostile enchantments, unstealthy
A: beak, talons 3, able to fly 1
a: Fly, Renounce Religion


You were on level 4 of the Dungeon.
You worshipped Kikubaaqudgha.
Kikubaaqudgha was noncommittal.
You were not hungry.

You visited 1 branch of the dungeon, and saw 4 of its levels.

You collected 262 gold pieces.

Inventory:

Hand Weapons
 i - a +0 spear
 j - a +1 dagger of venom (weapon)
Missiles
 r - 35 sling bullets (quivered)
Armour
 a - a +0 robe (worn)
Jewellery
 y - a ring of positive energy (right hand)
Wands
 x - a wand of iceblast (11/15)
 z - a wand of acid (5/15)
 A - a wand of lightning (6/15)
Scrolls
 d - 5 scrolls of identify {unknown}
 e - 2 scrolls of amnesia {unknown}
 f - 4 scrolls of remove curse {unknown}
 q - 2 scrolls of enchant weapon {unknown}
 u - 2 scrolls of teleportation {unknown}
 w - a scroll of fear {unknown}
 B - a scroll of random uselessness {unknown}
Potions
 h - 5 potions of haste {unknown}
 k - 2 potions of curing {unknown}
 l - a potion of resistance {unknown}
 m - 4 potions of might {unknown}
 n - 2 potions of brilliance {unknown}
 o - a potion of flight {unknown}
 t - a potion of heal wounds {unknown}
 v - a potion of mutation {unknown}
Books
 b - a book of Frost

   Spells                             Type                      Level
   a - Freeze                         Ice                          1
   b - Throw Frost                    Conjuration/Ice              2
   c - Ozocubu's Armour               Charms/Ice                   3
   d - Throw Icicle                   Conjuration/Ice              4
   e - Summon Ice Beast               Ice/Summoning                4
Comestibles
 c - 5 bread rations
 g - 2 slices of pizza
 p - 2 meat rations


   Skills:
 - Level 2.1 Dodging
 - Level 2.0 Stealth
 - Level 2.0 Spellcasting
   Level 1.3 Conjurations
 + Level 4.8 Summonings
 - Level 4.3 Ice Magic


You had 3 spell levels left.
You knew the following spells:

 Your Spells              Type           Power        Failure   Level  Hunger
a - Freeze                Ice            ###.         4%          1    #......
b - Summon Ice Beast      Ice/Summ       ###.....     34%         4    #####..


Dungeon Overview and Level Annotations

Branches:
Dungeon (4/15)
 Temple: D:4-7

Altars:
Ashenzari
Elyvilon
Kikubaaqudgha
Makhleb
Nemelex Xobeh
Pakellas
Ru
Sif Muna
Vehumet
Xom
Zin
The Shining One


Innate Abilities, Weirdness & Mutations

You have a beak for a mouth.
You have claws for feet.
You can fly.


Message History

Press: ? - help, Shift-Dir - straight line, f/p - giant frog skeleton
Aim: a giant frog skeleton You freeze the giant frog skeleton.
The giant frog skeleton resists.
The giant frog skeleton hits you.
* * * LOW HITPOINT WARNING * * *
The giant frog skeleton misses you.
Casting: Freeze
Confirm with . or Enter, or press ? or * to list all spells.
Aiming: Freeze
Press: ? - help, Shift-Dir - straight line, f/p - giant frog skeleton
Aim: a giant frog skeleton You freeze the giant frog skeleton.
The giant frog skeleton resists.
The giant frog skeleton hits you.
* * * LOW HITPOINT WARNING * * *
You hit the giant frog skeleton. You claw the giant frog skeleton.
The giant frog skeleton barely misses you.
You barely miss the giant frog skeleton.
You claw the giant frog skeleton. The giant frog skeleton hits you.
You die...
Kikubaaqudgha rasps: "You have failed me!
Welcome... death!"

> #.........#
#.
#.........#
#.
##.........##
#.
#........(..#
##
#...........#
#
#...........#
#
#.#########.#
#
#.#########.#
#
#..@Z.....#.#
####
#########.#.#
#... #.# #.##
#.# #.#
#.#####.#
#.......#
##########
#..... #.####


You could see a giant frog skeleton.

Vanquished Creatures
  2 orc wizards
  A worker ant (D:3)
  4 adders
  2 oozes (D:3)
  A worm (D:2)
  3 dart slugs (D:1)
  A giant gecko (D:1)
  9 orcs
  16 bats
  6 giant cockroaches
  4 goblins
  7 hobgoblins
  2 jackals (D:3)
  3 ball pythons
  5 giant newts
  5 kobolds
  7 rats
78 creatures vanquished.

Notes
Turn   | Place    | Note
--------------------------------------------------------------
     0 | D:1      | Jerry the Tengu Ice Elementalist began the quest for the Orb.
     0 | D:1      | Reached XP level 1. HP: 10/10 MP: 4/4
   538 | D:1      | Reached XP level 2. HP: 15/15 MP: 4/6
  1268 | D:1      | Reached XP level 3. HP: 18/19 MP: 7/7
  2638 | D:3      | Reached XP level 4. HP: 23/24 MP: 8/8
  2644 | D:3      | Learned a level 4 spell: Summon Ice Beast
  2660 | D:3      | Found an ancient bone altar of Kikubaaqudgha.
  2660 | D:3      | Found a shattered altar of Ashenzari.
  2662 | D:3      | Found a sacrificial altar of Ru.
  2664 | D:3      | Found a sparkling altar of Nemelex Xobeh.
  2667 | D:3      | Became a worshipper of Kikubaaqudgha
  2670 | D:3      | Found a shimmering altar of Xom.
  2670 | D:3      | Found an oddly glowing altar of Pakellas.
  2670 | D:3      | Found a glowing golden altar of the Shining One.
  2671 | D:3      | Found a radiant altar of Vehumet.
  2671 | D:3      | Found a deep blue altar of Sif Muna.
  2673 | D:3      | Found a white marble altar of Elyvilon.
  2674 | D:3      | Found a glowing silver altar of Zin.
  2681 | D:3      | Reached skill level 1 in Summonings
  2804 | D:3      | Found a burning altar of Makhleb.
  3179 | D:3      | Gained mutation: You can fly. [Tengu growth]
  3179 | D:3      | Reached XP level 5. HP: 21/28 MP: 6/9
  5046 | D:4      | Slain by a giant frog skeleton

Skill      XL: |  1  2  3  4  5 |
---------------+----------------+-----
Ice Magic      | 3 4 |  4.3
Summonings     | 3 4 |  4.8
Dodging        | |  2.1
Stealth        | |  2.0
Spellcasting   | |  2.0
Conjurations   | |  1.3

Action                   |  1- 3 |  4- 6 || total
-------------------------+-------+-------++-------
Melee: Spear             |     1 |       ||     1
       Unarmed           |     1 |       ||     1
       Dagger            |    49 |    58 ||   107
       Kick              |     4 |    10 ||    14
       Peck              |     3 |     5 ||     8
 Cast: Freeze            |    32 |    40 ||    72
 Stab: Sleeping          |     8 |     5 ||    13
  Eat: Chunk             |     6 |     8 ||    14
Armor: Robe              |     9 |    12 ||    21
Dodge: Dodged            |    41 |    66 ||   107
